Thunderbirds vs Little Stars
Created - April 20, 2023 at 23:24
Goals
|
| Thunderbirds |
0 |
1 |
3 |
4 |
| Little Stars |
1 |
1 |
1 |
3 |
|
Shots
|
| Thunderbirds |
10 |
8 |
20 |
38 |
| Little Stars |
15 |
9 |
11 |
35 |
|
1st period
1. Little Stars , Emile Poirier 10 (Reece Willcox 23, Eric Knodel 21) at 12:19
Penalties :
No Penalty
2nd period
2. Little Stars , Henrik Borgstrom 29 (Alex Belzile 22, Connor Mackey 3) at 1:43
3. Thunderbirds , Drake Batherson 40 (Kirill Kaprizov 45, Timothy Liljegren 25) at 9:44
Penalties :
Dominik Kahun (Spr) for High sticking (Minor) at 3:50, Drake Batherson (Spr) for Tripping (Minor) at 10:02
3rd period
4. Thunderbirds , Patrick Brown 19 (Dominik Kahun 23, Anthony Beauvillier 34) at 1:29
5. Thunderbirds , Dominik Kahun 19 (Morgan Geekie 11) at 13:18
6. Thunderbirds , Griffin Reinhart 7 (Kirill Kaprizov 46) at 13:34
7. Little Stars , Jordan LaVallee 33 (Daniel O'regan 69) at 15:08 (SH)
Penalties :
Patrick Brown (Spr) for Holding (Minor) at 10:24, Matt Luff (Tex) for Goalie Interference (Minor) at 14:57
Goalie Stats
Carter Hutton (Spr), 32 saves from 35 shots - (0.914), W, 31-14-2, 60:00 minutes
Michael Houser (Tex), 34 saves from 38 shots - (0.895), L, 13-15-7, 59:36 minutes
Players Stats for Thunderbirds
Player Name G A P +/- PIM S H SB GA TA FO MP PP MP PK MP
------------------------------------------------------------------------------------
Anthony Beauvillier 0 1 1 2 0 2 1 0 1 1 0/0 15:33 0:44 1:14
Dominik Kahun 1 1 2 2 2 6 4 0 1 1 0/0 16:31 0:44 1:09
Drake Batherson 1 0 1 0 2 4 1 1 1 0 0/0 18:59 1:15 0:00
Elias Lindholm 0 0 0 0 0 1 0 0 0 0 9/31 19:54 1:15 1:14
Filip Hronek 0 0 0 0 0 0 1 1 1 1 0/0 24:22 0:35 2:16
Griffin Reinhart 1 0 1 -1 0 4 1 2 1 1 0/0 27:23 1:24 3:39
Jacob Larsson 0 0 0 1 0 0 2 1 0 1 0/0 14:36 0:00 2:18
Kale Clague 0 0 0 1 0 0 1 1 0 1 0/0 12:34 0:35 0:00
Kirill Kaprizov 0 2 2 0 0 4 1 1 1 0 1/2 18:58 1:15 0:18
Morgan Frost 0 0 0 -1 0 0 0 0 0 0 1/2 10:22 0:00 0:57
Morgan Geekie 0 1 1 0 0 0 2 0 1 0 1/1 9:47 0:00 0:06
Patrick Brown 1 0 1 2 2 6 3 1 0 0 5/17 17:46 0:44 2:01
Petr Straka 0 0 0 0 0 2 2 0 0 0 1/2 12:41 0:00 1:46
Radim Simek 0 0 0 1 0 0 3 1 0 2 0/0 20:45 0:00 3:24
Shane Prince 0 0 0 0 0 4 0 1 0 0 0/0 9:33 0:00 0:00
Tanner Laczynski 0 0 0 -1 0 3 1 0 0 0 0/0 9:44 0:00 0:00
Timothy Liljegren 0 1 1 0 0 1 0 0 1 1 0/0 20:20 1:24 0:17
Tyson Jost 0 0 0 -1 0 1 0 0 0 1 0/0 14:12 0:00 3:09
Players Stats for Little Stars
Player Name G A P +/- PIM S H SB GA TA FO MP PP MP PK MP
------------------------------------------------------------------------------------
Adam Tambellini 0 0 0 1 0 0 4 0 2 0 0/0 16:31 2:29 0:29
Alex Belzile 0 1 1 1 0 1 0 0 1 1 0/1 15:49 2:23 0:00
Connor Mackey 0 1 1 0 0 0 2 1 0 0 0/0 14:07 0:00 0:00
Daniel O'regan 0 1 1 -2 0 5 2 0 0 1 22/33 22:06 3:22 1:20
Emile Poirier 1 0 1 0 0 3 0 0 2 0 0/0 9:55 0:06 0:00
Eric Knodel 0 1 1 0 0 1 1 5 0 2 0/0 27:47 3:40 1:10
Henrik Borgstrom 1 0 1 1 0 4 1 0 2 0 7/10 16:14 2:23 0:26
Ilya Mikheyev 0 0 0 -3 0 4 5 1 0 0 1/1 20:44 3:22 0:00
Jason Dickinson 0 0 0 0 0 2 1 0 1 0 4/6 11:34 0:00 0:16
Joakim Nygard 0 0 0 0 0 6 1 1 0 0 0/0 12:13 0:12 0:00
Jordan LaVallee 1 0 1 -2 0 3 6 1 1 0 2/2 22:11 3:22 1:27
Justin Auger 0 0 0 0 0 1 0 0 0 0 0/0 10:08 0:12 0:00
Lawrence Pilut 0 0 0 0 0 0 1 0 0 1 0/0 14:07 0:00 0:00
Matt Luff 0 0 0 0 2 0 0 1 0 0 0/0 11:19 0:00 0:00
Reece Willcox 0 1 1 0 0 1 0 0 1 2 0/0 26:44 3:40 1:10
Roman Horak 0 0 0 0 0 3 0 0 0 0 1/2 9:16 0:00 0:00
Tucker Poolman 0 0 0 -1 0 1 2 2 0 1 0/0 18:06 2:17 0:49
Ville Pokka 0 0 0 -1 0 0 0 0 0 0 0/0 19:09 2:17 0:49
3 Stars
1 - Dominik Kahun (Spr)
2 - Patrick Brown (Spr)
3 - Henrik Borgstrom (Tex)
Power Play
Thunderbirds - 0 on 1 Attempt(s) - 0.00%
Little Stars - 0 on 3 Attempt(s) - 0.00%
Penalty Kill
Thunderbirds - 3 on 3 Attempt(s) - 100.00%
- Score 0 goal in Penalty Kill
Little Stars - 1 on 1 Attempt(s) - 100.00%
- Score 1 goal in Penalty Kill
Team Stat
Thunderbirds - Hits : 23 - Faceoff Wins : 18 - Blocked Shots : 10 - Penalty Minutes : 6
Little Stars - Hits : 26 - Faceoff Wins : 37 - Blocked Shots : 12 - Penalty Minutes : 2
Official
Referees : Garrett Rank and Reid Anderson
Linesman : Michel Cormier and Steve Barton
Game Notes
No Game Note
Finance
Level 1 -- Attendance: 1770 (88.50%) -- Ticket Income $61,950
Level 2 -- Attendance: 940 (94.00%) -- Ticket Income $14,100
Total Attendance: 2710 (90.33%)
Total Ticket Income: $76,050
Other Income: $3,802
Total Income: $79,852
Thunderbirds
5 vs 5 Forward
Center Left Wing Right Wing Time % Phy DF OF
1 Elias Lindholm Kirill Kaprizov Drake Batherson 40 0 2 3
2 Patrick Brown Dominik Kahun Anthony Beauvillier 30 0 2 3
3 Morgan Geekie Shane Prince Petr Straka 15 0 2 3
4 Morgan Frost Tyson Jost Tanner Laczynski 15 0 2 3
5 vs 5 Defense
Defense Defense Time % Phy DF OF
1 Griffin Reinhart Filip Hronek 40 0 2 3
2 Radim Simek Timothy Liljegren 30 0 2 3
3 Jacob Larsson Kale Clague 20 0 2 3
4 Griffin Reinhart Filip Hronek 10 0 2 3
PowerPlay Forward
Center Left Wing Right Wing Time % Phy DF OF
1 Elias Lindholm Kirill Kaprizov Drake Batherson 60 0 1 4
2 Patrick Brown Dominik Kahun Anthony Beauvillier 40 0 1 4
PowerPlay Defense
Defense Defense Time % Phy DF OF
1 Griffin Reinhart Timothy Liljegren 60 0 2 3
2 Filip Hronek Kale Clague 40 0 2 3
Penalty Kill 4 Players Forward
Center Wing Time % Phy DF OF
1 Patrick Brown Tyson Jost 60 1 3 1
2 Elias Lindholm Anthony Beauvillier 40 1 3 1
Penalty Kill 4 Players Defense
Defense Defense Time % Phy DF OF
1 Griffin Reinhart Radim Simek 60 1 4 0
2 Filip Hronek Jacob Larsson 40 1 4 0
Penalty Kill - 3 Players Forward
Forward Time % Phy DF OF
1 Tyson Jost 60 1 3 1
2 Anthony Beauvillier 40 1 3 1
Penalty Kill - 3 Players Defense
Defense Defense Time % Phy DF OF
1 Griffin Reinhart Radim Simek 60 1 4 0
2 Filip Hronek Jacob Larsson 40 1 4 0
4 vs 4 Forward
Center Wing Time % Phy DF OF
1 Elias Lindholm Kirill Kaprizov 60 0 2 3
2 Patrick Brown Drake Batherson 40 0 2 3
4 vs 4 Defense
Defense Defense Time % Phy DF OF
1 Griffin Reinhart Filip Hronek 60 0 2 3
2 Radim Simek Timothy Liljegren 40 0 2 3
Last Minutes Offensive
Center Left Wing Right Wing Defense Defense
Elias Lindholm Kirill Kaprizov Drake Batherson Griffin Reinhart Timothy Liljegren
Last Minutes Defensive
Center Left Wing Right Wing Defense Defense
Patrick Brown Tyson Jost Petr Straka Radim Simek Filip Hronek
Goaltenders
Starting : Carter Hutton
Backup : Phoenix Copley
Extra Forwards
Normal : Tanner Laczynski, Drake Batherson, Kirill Kaprizov - PP : Morgan Geekie, Kirill Kaprizov - PK : Petr Straka
Extra Defensemen
Normal : Timothy Liljegren, Filip Hronek, Radim Simek - PP : Timothy Liljegren - PK : Filip Hronek, Timothy Liljegren
Penalty Shots
Drake Batherson, Tanner Laczynski, Petr Straka, Patrick Brown, Elias Lindholm
Scratches
Austin Poganski (Healthy), Adam Ruzicka (Healthy), Charles Hudon (Healthy), Jake Walman (Healthy), Matt Puempel (Healthy)
Mitchell Heard (Healthy), Nicklas Jensen (Healthy), Grant Hutton (Healthy), Roberts Lipsbergs (Healthy), Viktor Baldayev (Healthy)
Calvin Thurkauf (Healthy), Dylan Gambrell (Healthy), Artur Kayumov (Healthy), Artyom Zagidulin (Healthy)
Little Stars
5 vs 5 Forward
Center Left Wing Right Wing Time % Phy DF OF
1 Daniel O'regan Jordan LaVallee Ilya Mikheyev 40 1 2 2
2 Henrik Borgstrom Adam Tambellini Alex Belzile 30 1 2 2
3 Jason Dickinson Joakim Nygard Matt Luff 20 1 2 2
4 Roman Horak Emile Poirier Justin Auger 10 1 2 2
5 vs 5 Defense
Defense Defense Time % Phy DF OF
1 Eric Knodel Reece Willcox 40 1 2 2
2 Tucker Poolman Ville Pokka 30 1 2 2
3 Connor Mackey Lawrence Pilut 20 1 2 2
4 Eric Knodel Reece Willcox 10 1 2 2
PowerPlay Forward
Center Left Wing Right Wing Time % Phy DF OF
1 Daniel O'regan Jordan LaVallee Ilya Mikheyev 60 0 2 3
2 Henrik Borgstrom Adam Tambellini Alex Belzile 40 0 2 3
PowerPlay Defense
Defense Defense Time % Phy DF OF
1 Eric Knodel Reece Willcox 60 1 2 2
2 Tucker Poolman Ville Pokka 40 1 2 2
Penalty Kill 4 Players Forward
Center Wing Time % Phy DF OF
1 Daniel O'regan Jordan LaVallee 60 1 2 2
2 Henrik Borgstrom Adam Tambellini 40 1 2 2
Penalty Kill 4 Players Defense
Defense Defense Time % Phy DF OF
1 Eric Knodel Reece Willcox 60 0 3 2
2 Tucker Poolman Ville Pokka 40 0 3 2
Penalty Kill - 3 Players Forward
Forward Time % Phy DF OF
1 Daniel O'regan 60 1 2 2
2 Henrik Borgstrom 40 1 2 2
Penalty Kill - 3 Players Defense
Defense Defense Time % Phy DF OF
1 Eric Knodel Reece Willcox 60 0 3 2
2 Tucker Poolman Ville Pokka 40 0 3 2
4 vs 4 Forward
Center Wing Time % Phy DF OF
1 Daniel O'regan Jordan LaVallee 60 0 2 3
2 Henrik Borgstrom Adam Tambellini 40 0 2 3
4 vs 4 Defense
Defense Defense Time % Phy DF OF
1 Eric Knodel Reece Willcox 60 1 2 2
2 Tucker Poolman Ville Pokka 40 1 2 2
Last Minutes Offensive
Center Left Wing Right Wing Defense Defense
Daniel O'regan Jordan LaVallee Ilya Mikheyev Eric Knodel Reece Willcox
Last Minutes Defensive
Center Left Wing Right Wing Defense Defense
Daniel O'regan Jordan LaVallee Ilya Mikheyev Eric Knodel Reece Willcox
Goaltenders
Starting : Michael Houser
Backup : Danil Tarasov
Extra Forwards
Normal : Henrik Borgstrom, Joakim Nygard, Alex Belzile - PP : Henrik Borgstrom, Joakim Nygard - PK : Henrik Borgstrom
Extra Defensemen
Normal : Ville Pokka, Connor Mackey, Lawrence Pilut - PP : Ville Pokka - PK : Ville Pokka, Connor Mackey
Penalty Shots
Ilya Mikheyev, Jordan LaVallee, Adam Tambellini, Daniel O'regan, Henrik Borgstrom
Scratches
Anton Cederholm (Right Leg Injury), Filip Chytil (Healthy), Jean-Christophe Beaudin (Healthy), Michael Mersch (Healthy), Radel Fazleev (Healthy)
Rudolfs Balcers (Healthy), Shane Gersich (Healthy), Wiley Sherman (Chest/Ribs Injury), Yakov Trenin (Healthy), Joey Anderson (Healthy)
Jonathan Dahlen (Healthy), Givani Smith (Healthy), Connor Knapp (Left Eye Injury)
% Time on Ice - Thunderbirds
Lines # - Real PCT - Wanted PCT - Time Play
Normal Forward
1 - 36% - 40% - 18:29
2 - 27% - 30% - 13:35
3 - 19% - 15% - 9:33
4 - 18% - 15% - 9:25
Normal Defense
1 - 40% - 40% - 20:23
2 - 32% - 30% - 16:26
3 - 23% - 20% - 11:59
4 - 4% - 10% - 2:14
PP Forward
1 - 63% - 60% - 1:15
2 - 37% - 40% - 0:44
PP Defense
1 - 71% - 60% - 1:24
2 - 29% - 40% - 0:35
PK Forward
1 - 79% - 60% - 4:43
2 - 21% - 40% - 1:14
PK Defense
1 - 62% - 60% - 3:41
2 - 38% - 40% - 2:16
PK3 Forward
1 - 0% - 60%
2 - 0% - 40%
PK3 Defense
1 - 0% - 60%
2 - 0% - 40%
44 Forward
1 - 0% - 60%
2 - 0% - 40%
44 Defense
1 - 0% - 60%
2 - 0% - 40%
Last Minute Offensive - 0:00
Last Minute Defensive - 1:02
Total
Forward - 60:00
Defense - 60:00
|
% Time on Ice - Little Stars
Lines # - Real PCT - Wanted PCT - Time Play
Normal Forward
1 - 33% - 40% - 16:35
2 - 27% - 30% - 13:52
3 - 22% - 20% - 11:18
4 - 18% - 10% - 9:16
Normal Defense
1 - 38% - 40% - 19:24
2 - 29% - 30% - 15:00
3 - 28% - 20% - 14:07
4 - 5% - 10% - 2:30
PP Forward
1 - 58% - 60% - 3:27
2 - 42% - 40% - 2:30
PP Defense
1 - 62% - 60% - 3:40
2 - 38% - 40% - 2:17
PK Forward
1 - 97% - 60% - 1:56
2 - 3% - 40% - 0:03
PK Defense
1 - 59% - 60% - 1:10
2 - 41% - 40% - 0:49
PK3 Forward
1 - 0% - 60%
2 - 0% - 40%
PK3 Defense
1 - 0% - 60%
2 - 0% - 40%
44 Forward
1 - 0% - 60%
2 - 0% - 40%
44 Defense
1 - 0% - 60%
2 - 0% - 40%
Last Minute Offensive - 1:03
Last Minute Defensive - 0:00
Total
Forward - 60:00
Defense - 60:00
|
Play-by-Play
1st period
0:01 of 1st period - Jordan LaVallee wins face-off versus Kirill Kaprizov in neutral zone.
0:04 of 1st period - Snap shot by Jordan LaVallee.
0:04 of 1st period - Deflect By Ilya Mikheyev.
0:04 of 1st period - Shot Blocked by Griffin Reinhart.
0:04 of 1st period - Puck is out of play.
0:05 of 1st period - Daniel O'regan wins face-off versus Elias Lindholm in Thunderbirds zone.
0:20 of 1st period - Wrist shot by Drake Batherson.
0:20 of 1st period - Deflect By Jordan LaVallee.
0:20 of 1st period - Shot Blocked by Eric Knodel.
0:20 of 1st period - Puck is out of play.
0:21 of 1st period - Henrik Borgstrom wins face-off versus Patrick Brown in Little Stars zone.
0:36 of 1st period - Slapshot by Anthony Beauvillier.
0:36 of 1st period - Stopped by Michael Houser with a rebound.
1:13 of 1st period - Ville Pokka is hit by Jacob Larsson and loses puck.
1:34 of 1st period - Wrist shot by Jordan LaVallee.
1:34 of 1st period - Shot Misses the Net.
1:40 of 1st period - Wrist shot by Daniel O'regan.
1:40 of 1st period - Shot Misses the Net.
2:24 of 1st period - Wrist shot by Adam Tambellini.
2:24 of 1st period - Shot Misses the Net.
3:18 of 1st period - Snap shot by Henrik Borgstrom.
3:18 of 1st period - Stopped by Carter Hutton without a rebound.
3:19 of 1st period - Henrik Borgstrom wins face-off versus Patrick Brown in Thunderbirds zone.
4:31 of 1st period - Justin Auger is hit by Morgan Geekie and loses puck.
4:52 of 1st period - Snap shot by Patrick Brown.
4:52 of 1st period - Shot Misses the Net.
4:54 of 1st period - Wrist shot by Anthony Beauvillier.
4:54 of 1st period - Deflect By Henrik Borgstrom.
4:54 of 1st period - Shot Blocked by Eric Knodel.
4:54 of 1st period - Puck is out of play.
4:55 of 1st period - Daniel O'regan wins face-off versus Elias Lindholm in Little Stars zone.
4:59 of 1st period - Off-side.
5:00 of 1st period - Daniel O'regan wins face-off versus Elias Lindholm in neutral zone.
5:51 of 1st period - Snap shot by Patrick Brown.
5:51 of 1st period - Stopped by Michael Houser with a rebound.
6:07 of 1st period - Backhand shot by Jordan LaVallee.
6:07 of 1st period - Stopped by Carter Hutton with a rebound.
7:24 of 1st period - Wrist shot by Jason Dickinson.
7:24 of 1st period - Deflect By Joakim Nygard.
7:24 of 1st period - Stopped by Carter Hutton without a rebound.
7:25 of 1st period - Kirill Kaprizov wins face-off versus Daniel O'regan in Thunderbirds zone.
7:30 of 1st period - Elias Lindholm is hit by Ilya Mikheyev and loses puck.
8:00 of 1st period - Wrist shot by Joakim Nygard.
8:00 of 1st period - Stopped by Carter Hutton without a rebound.
8:01 of 1st period - Patrick Brown wins face-off versus Daniel O'regan in Thunderbirds zone.
8:36 of 1st period - Snap shot by Henrik Borgstrom.
8:36 of 1st period - Stopped by Carter Hutton with a rebound.
9:25 of 1st period - Radim Simek is hit by Ilya Mikheyev and loses puck.
9:34 of 1st period - Wrist shot by Daniel O'regan.
9:34 of 1st period - Shot Misses the Net.
9:36 of 1st period - Slapshot by Reece Willcox.
9:36 of 1st period - Shot Blocked by Drake Batherson.
9:38 of 1st period - Slapshot by Eric Knodel.
9:38 of 1st period - Shot Blocked by Kirill Kaprizov.
10:10 of 1st period - Wrist shot by Dominik Kahun.
10:10 of 1st period - Shot Blocked by Joakim Nygard.
10:12 of 1st period - Snap shot by Timothy Liljegren.
10:12 of 1st period - Deflect By Dominik Kahun.
10:12 of 1st period - Stopped by Michael Houser with a rebound.
10:16 of 1st period - Snap shot by Patrick Brown.
10:16 of 1st period - Shot Misses the Net.
10:18 of 1st period - Wrist shot by Patrick Brown.
10:18 of 1st period - Stopped by Michael Houser with a rebound.
10:20 of 1st period - Snap shot by Anthony Beauvillier.
10:20 of 1st period - Stopped by Michael Houser with a rebound.
10:49 of 1st period - Wrist shot by Joakim Nygard.
10:49 of 1st period - Stopped by Carter Hutton without a rebound.
10:50 of 1st period - Daniel O'regan wins face-off versus Patrick Brown in Thunderbirds zone.
12:09 of 1st period - Backhand shot by Justin Auger.
12:09 of 1st period - Deflect By Roman Horak.
12:09 of 1st period - Stopped by Carter Hutton with a rebound.
12:11 of 1st period - Slapshot by Reece Willcox.
12:11 of 1st period - Shot Blocked by Filip Hronek.
12:15 of 1st period - Slapshot by Emile Poirier.
12:15 of 1st period - Stopped by Carter Hutton with a rebound.
12:17 of 1st period - Slapshot by Reece Willcox.
12:17 of 1st period - Deflect By Filip Hronek.
12:17 of 1st period - Stopped by Carter Hutton with a rebound.
12:19 of 1st period - Snap shot by Emile Poirier.
12:19 of 1st period - Goal by Emile Poirier - Thunderbirds : 0 - Little Stars : 1.
12:20 of 1st period - Daniel O'regan wins face-off versus Elias Lindholm in neutral zone.
12:23 of 1st period - Kale Clague is hit by Jordan LaVallee.
12:49 of 1st period - Snap shot by Joakim Nygard.
12:49 of 1st period - Stopped by Carter Hutton without a rebound.
12:50 of 1st period - Jason Dickinson wins face-off versus Patrick Brown in Thunderbirds zone.
13:25 of 1st period - Wrist shot by Jordan LaVallee.
13:25 of 1st period - Stopped by Carter Hutton with a rebound.
13:27 of 1st period - Wrist shot by Daniel O'regan.
13:27 of 1st period - Stopped by Carter Hutton without a rebound.
13:28 of 1st period - Elias Lindholm wins face-off versus Henrik Borgstrom in Thunderbirds zone.
13:28 of 1st period - Elias Lindholm is hit by Tucker Poolman.
13:55 of 1st period - Tucker Poolman is hit by Filip Hronek and loses puck.
14:20 of 1st period - Joakim Nygard is hit by Petr Straka and loses puck.
14:35 of 1st period - Wrist shot by Tanner Laczynski.
14:35 of 1st period - Stopped by Michael Houser without a rebound.
14:36 of 1st period - Roman Horak wins face-off versus Morgan Frost in Little Stars zone.
14:45 of 1st period - Snap shot by Roman Horak.
14:45 of 1st period - Stopped by Carter Hutton with a rebound.
14:47 of 1st period - Wrist shot by Roman Horak.
14:47 of 1st period - Shot Hit the Post.
15:10 of 1st period - Snap shot by Drake Batherson.
15:10 of 1st period - Deflect By Kirill Kaprizov.
15:10 of 1st period - Stopped by Michael Houser with a rebound.
15:26 of 1st period - Patrick Brown is hit by Adam Tambellini and loses puck.
15:33 of 1st period - Snap shot by Henrik Borgstrom.
15:33 of 1st period - Shot Misses the Net.
15:35 of 1st period - Slapshot by Eric Knodel.
15:35 of 1st period - Shot Blocked by Jacob Larsson.
15:47 of 1st period - Slapshot by Petr Straka.
15:47 of 1st period - Deflect By Eric Knodel.
15:47 of 1st period - Stopped by Michael Houser with a rebound.
15:53 of 1st period - Slapshot by Petr Straka.
15:53 of 1st period - Stopped by Michael Houser without a rebound.
15:54 of 1st period - Jordan LaVallee wins face-off versus Elias Lindholm in Little Stars zone.
16:31 of 1st period - Timothy Liljegren is hit by Adam Tambellini and loses puck.
16:52 of 1st period - Snap shot by Shane Prince.
16:52 of 1st period - Stopped by Michael Houser with a rebound.
18:47 of 1st period - Roman Horak is hit by Patrick Brown and loses puck.
19:02 of 1st period - Kale Clague is hit by Connor Mackey and loses puck.
19:09 of 1st period - Wrist shot by Henrik Borgstrom.
19:09 of 1st period - Stopped by Carter Hutton without a rebound.
19:10 of 1st period - Elias Lindholm wins face-off versus Daniel O'regan in Thunderbirds zone.
19:27 of 1st period - Drake Batherson is hit by Eric Knodel.
19:37 of 1st period - Alex Belzile is hit by Patrick Brown and loses puck.
Goals for this period are 0 for Thunderbirds vs 1 for Little Stars.
Shots for this period are 10 for Thunderbirds vs 15 for Little Stars.
2nd period
0:01 of 2nd period - Daniel O'regan wins face-off versus Elias Lindholm in neutral zone.
0:09 of 2nd period - Off-side.
0:10 of 2nd period - Ilya Mikheyev wins face-off versus Elias Lindholm in neutral zone.
0:15 of 2nd period - Wrist shot by Ilya Mikheyev.
0:15 of 2nd period - Stopped by Carter Hutton with a rebound.
0:17 of 2nd period - Snap shot by Daniel O'regan.
0:17 of 2nd period - Stopped by Carter Hutton with a rebound.
0:40 of 2nd period - Icing by Eric Knodel.
0:41 of 2nd period - Daniel O'regan wins face-off versus Patrick Brown in Little Stars zone.
1:26 of 2nd period - Off-side.
1:27 of 2nd period - Elias Lindholm wins face-off versus Henrik Borgstrom in neutral zone.
1:43 of 2nd period - Snap shot by Alex Belzile.
1:43 of 2nd period - Deflect By Henrik Borgstrom.
1:43 of 2nd period - Goal by Henrik Borgstrom - Thunderbirds : 0 - Little Stars : 2.
1:44 of 2nd period - Henrik Borgstrom wins face-off versus Elias Lindholm in neutral zone.
2:32 of 2nd period - Ville Pokka is hit by Jacob Larsson and loses puck.
2:37 of 2nd period - Wrist shot by Petr Straka.
2:37 of 2nd period - Shot Misses the Net.
3:35 of 2nd period - Off-side.
3:36 of 2nd period - Daniel O'regan wins face-off versus Patrick Brown in neutral zone.
3:50 of 2nd period - Minor Penalty to Dominik Kahun for High sticking.
3:51 of 2nd period - Daniel O'regan wins face-off versus Patrick Brown in Thunderbirds zone.
3:59 of 2nd period - Backhand shot by Ilya Mikheyev.
3:59 of 2nd period - Shot Misses the Net.
4:05 of 2nd period - Snap shot by Jordan LaVallee.
4:05 of 2nd period - Shot Blocked by Patrick Brown.
4:07 of 2nd period - Slapshot by Daniel O'regan.
4:07 of 2nd period - Stopped by Carter Hutton with a rebound.
4:45 of 2nd period - Anthony Beauvillier is hit by Adam Tambellini and loses puck.
5:12 of 2nd period - Henrik Borgstrom is hit by Kirill Kaprizov and loses puck.
5:33 of 2nd period - Jordan LaVallee is hit by Radim Simek and loses puck.
5:50 of 2nd period - Penalty to Dominik Kahun is over, Dominik Kahun is back on ice.
6:07 of 2nd period - Icing by Tyson Jost.
6:08 of 2nd period - Jason Dickinson wins face-off versus Patrick Brown in Thunderbirds zone.
6:31 of 2nd period - Timothy Liljegren is hit by Connor Mackey and loses puck.
7:00 of 2nd period - Timothy Liljegren is hit by Ilya Mikheyev.
7:23 of 2nd period - Dominik Kahun is hit by Jason Dickinson.
7:50 of 2nd period - Drake Batherson is hit by Lawrence Pilut and loses puck.
8:00 of 2nd period - Icing by Connor Mackey.
8:01 of 2nd period - Morgan Frost wins face-off versus Roman Horak in Little Stars zone.
8:16 of 2nd period - Snap shot by Emile Poirier.
8:16 of 2nd period - Stopped by Carter Hutton with a rebound.
9:19 of 2nd period - Slapshot by Jason Dickinson.
9:19 of 2nd period - Deflect By Joakim Nygard.
9:19 of 2nd period - Stopped by Carter Hutton without a rebound.
9:20 of 2nd period - Daniel O'regan wins face-off versus Elias Lindholm in Thunderbirds zone.
9:28 of 2nd period - Off-side.
9:29 of 2nd period - Elias Lindholm wins face-off versus Daniel O'regan in neutral zone.
9:42 of 2nd period - Wrist shot by Kirill Kaprizov.
9:42 of 2nd period - Shot Blocked by Eric Knodel.
9:44 of 2nd period - Wrist shot by Drake Batherson.
9:44 of 2nd period - Goal by Drake Batherson - Thunderbirds : 1 - Little Stars : 2.
9:45 of 2nd period - Henrik Borgstrom wins face-off versus Elias Lindholm in neutral zone.
10:02 of 2nd period - Minor Penalty to Drake Batherson for Tripping.
10:03 of 2nd period - Daniel O'regan wins face-off versus Patrick Brown in Thunderbirds zone.
10:05 of 2nd period - Snap shot by Daniel O'regan.
10:05 of 2nd period - Stopped by Carter Hutton with a rebound.
11:16 of 2nd period - Slapshot by Patrick Brown.
11:16 of 2nd period - Stopped by Michael Houser with a rebound.
11:18 of 2nd period - Slapshot by Jacob Larsson.
11:18 of 2nd period - Shot Blocked by Tucker Poolman.
11:22 of 2nd period - Wrist shot by Petr Straka.
11:22 of 2nd period - Deflect By Dominik Kahun.
11:22 of 2nd period - Stopped by Michael Houser with a rebound.
11:24 of 2nd period - Wrist shot by Petr Straka.
11:24 of 2nd period - Shot Blocked by Jordan LaVallee.
11:34 of 2nd period - Tyson Jost is hit by Jordan LaVallee and loses puck.
12:02 of 2nd period - Penalty to Drake Batherson is over, Drake Batherson is back on ice.
12:07 of 2nd period - Slapshot by Griffin Reinhart.
12:07 of 2nd period - Shot Blocked by Eric Knodel.
13:16 of 2nd period - Tucker Poolman is hit by Morgan Geekie.
13:42 of 2nd period - Ville Pokka is hit by Griffin Reinhart.
13:54 of 2nd period - Connor Mackey is hit by Radim Simek and loses puck.
14:07 of 2nd period - Lawrence Pilut is hit by Dominik Kahun and loses puck.
14:29 of 2nd period - Reece Willcox is hit by Kale Clague and loses puck.
14:42 of 2nd period - Daniel O'regan is hit by Dominik Kahun.
14:56 of 2nd period - Shane Prince is hit by Tucker Poolman and loses puck.
15:13 of 2nd period - Petr Straka is hit by Henrik Borgstrom and loses puck.
16:45 of 2nd period - Timothy Liljegren is hit by Jordan LaVallee and loses puck.
17:05 of 2nd period - Icing by Drake Batherson.
17:06 of 2nd period - Jason Dickinson wins face-off versus Elias Lindholm in Thunderbirds zone.
17:33 of 2nd period - Wrist shot by Alex Belzile.
17:33 of 2nd period - Shot Blocked by Griffin Reinhart.
17:35 of 2nd period - Snap shot by Henrik Borgstrom.
17:35 of 2nd period - Shot Misses the Net.
17:45 of 2nd period - Slapshot by Shane Prince.
17:45 of 2nd period - Stopped by Michael Houser with a rebound.
17:47 of 2nd period - Slapshot by Petr Straka.
17:47 of 2nd period - Shot Misses the Net.
17:49 of 2nd period - Slapshot by Shane Prince.
17:49 of 2nd period - Stopped by Michael Houser with a rebound.
17:51 of 2nd period - Slapshot by Griffin Reinhart.
17:51 of 2nd period - Stopped by Michael Houser with a rebound.
17:53 of 2nd period - Slapshot by Filip Hronek.
17:53 of 2nd period - Shot Blocked by Ilya Mikheyev.
18:05 of 2nd period - Timothy Liljegren is hit by Joakim Nygard and loses puck.
18:36 of 2nd period - Wrist shot by Roman Horak.
18:36 of 2nd period - Stopped by Carter Hutton with a rebound.
18:48 of 2nd period - Snap shot by Patrick Brown.
18:48 of 2nd period - Stopped by Michael Houser without a rebound.
18:49 of 2nd period - Henrik Borgstrom wins face-off versus Patrick Brown in Little Stars zone.
18:49 of 2nd period - Henrik Borgstrom is hit by Dominik Kahun.
19:11 of 2nd period - Wrist shot by Alex Belzile.
19:11 of 2nd period - Stopped by Carter Hutton with a rebound.
19:17 of 2nd period - Snap shot by Dominik Kahun.
19:17 of 2nd period - Stopped by Michael Houser with a rebound.
19:31 of 2nd period - Reece Willcox is hit by Anthony Beauvillier.
Goals for this period are 1 for Thunderbirds vs 1 for Little Stars.
Shots for this period are 8 for Thunderbirds vs 9 for Little Stars.
3rd period
0:01 of 3rd period - Daniel O'regan wins face-off versus Elias Lindholm in neutral zone.
0:25 of 3rd period - Patrick Brown is hit by Adam Tambellini and loses puck.
0:48 of 3rd period - Slapshot by Tucker Poolman.
0:48 of 3rd period - Deflect By Petr Straka.
0:48 of 3rd period - Stopped by Carter Hutton without a rebound.
0:49 of 3rd period - Jason Dickinson wins face-off versus Elias Lindholm in Thunderbirds zone.
0:52 of 3rd period - Snap shot by Jason Dickinson.
0:52 of 3rd period - Stopped by Carter Hutton with a rebound.
0:54 of 3rd period - Wrist shot by Matt Luff.
0:54 of 3rd period - Shot Misses the Net.
1:13 of 3rd period - Slapshot by Matt Luff.
1:13 of 3rd period - Shot Misses the Net.
1:15 of 3rd period - Slapshot by Eric Knodel.
1:15 of 3rd period - Stopped by Carter Hutton with a rebound.
1:21 of 3rd period - Slapshot by Jason Dickinson.
1:21 of 3rd period - Stopped by Carter Hutton without a rebound.
1:22 of 3rd period - Patrick Brown wins face-off versus Daniel O'regan in Thunderbirds zone.
1:29 of 3rd period - Snap shot by Patrick Brown.
1:29 of 3rd period - Goal by Patrick Brown - Thunderbirds : 2 - Little Stars : 2.
1:30 of 3rd period - Daniel O'regan wins face-off versus Elias Lindholm in neutral zone.
1:30 of 3rd period - Daniel O'regan is hit by Drake Batherson.
1:36 of 3rd period - Filip Hronek is hit by Ilya Mikheyev and loses puck.
1:57 of 3rd period - Kirill Kaprizov is hit by Jordan LaVallee and loses puck.
2:14 of 3rd period - Snap shot by Drake Batherson.
2:14 of 3rd period - Stopped by Michael Houser with a rebound.
2:16 of 3rd period - Slapshot by Griffin Reinhart.
2:16 of 3rd period - Stopped by Michael Houser without a rebound.
2:17 of 3rd period - Henrik Borgstrom wins face-off versus Patrick Brown in Little Stars zone.
2:17 of 3rd period - Henrik Borgstrom is hit by Patrick Brown.
3:25 of 3rd period - Off-side.
3:26 of 3rd period - Patrick Brown wins face-off versus Alex Belzile in neutral zone.
3:31 of 3rd period - Snap shot by Patrick Brown.
3:31 of 3rd period - Stopped by Michael Houser without a rebound.
3:32 of 3rd period - Elias Lindholm wins face-off versus Daniel O'regan in Little Stars zone.
3:37 of 3rd period - Snap shot by Kirill Kaprizov.
3:37 of 3rd period - Stopped by Michael Houser without a rebound.
3:38 of 3rd period - Elias Lindholm wins face-off versus Daniel O'regan in Little Stars zone.
3:45 of 3rd period - Snap shot by Drake Batherson.
3:45 of 3rd period - Shot Misses the Net.
3:47 of 3rd period - Slapshot by Griffin Reinhart.
3:47 of 3rd period - Shot Blocked by Eric Knodel.
3:49 of 3rd period - Wrist shot by Kirill Kaprizov.
3:49 of 3rd period - Shot Misses the Net.
3:51 of 3rd period - Wrist shot by Drake Batherson.
3:51 of 3rd period - Shot Misses the Net.
3:53 of 3rd period - Slapshot by Kirill Kaprizov.
3:53 of 3rd period - Shot Misses the Net.
4:25 of 3rd period - Snap shot by Morgan Geekie.
4:25 of 3rd period - Deflect By Shane Prince.
4:25 of 3rd period - Stopped by Michael Houser with a rebound.
4:27 of 3rd period - Wrist shot by Shane Prince.
4:27 of 3rd period - Shot Blocked by Matt Luff.
4:29 of 3rd period - Slapshot by Filip Hronek.
4:29 of 3rd period - Shot Blocked by Tucker Poolman.
4:31 of 3rd period - Wrist shot by Petr Straka.
4:31 of 3rd period - Shot Misses the Net.
4:33 of 3rd period - Slapshot by Griffin Reinhart.
4:33 of 3rd period - Deflect By Jason Dickinson.
4:33 of 3rd period - Stopped by Michael Houser without a rebound.
4:34 of 3rd period - Daniel O'regan wins face-off versus Elias Lindholm in Little Stars zone.
4:34 of 3rd period - Daniel O'regan is hit by Radim Simek.
5:00 of 3rd period - Ville Pokka is hit by Dominik Kahun and loses puck.
5:13 of 3rd period - Slapshot by Dominik Kahun.
5:13 of 3rd period - Stopped by Michael Houser with a rebound.
5:35 of 3rd period - Emile Poirier is hit by Tanner Laczynski and loses puck.
6:49 of 3rd period - Slapshot by Justin Auger.
6:49 of 3rd period - Stopped by Carter Hutton with a rebound.
6:51 of 3rd period - Snap shot by Justin Auger.
6:51 of 3rd period - Shot Misses the Net.
6:53 of 3rd period - Slapshot by Eric Knodel.
6:53 of 3rd period - Shot Misses the Net.
6:55 of 3rd period - Snap shot by Justin Auger.
6:55 of 3rd period - Shot Blocked by Shane Prince.
6:57 of 3rd period - Slapshot by Reece Willcox.
6:57 of 3rd period - Deflect By Justin Auger.
6:57 of 3rd period - Shot Blocked by Kale Clague.
6:57 of 3rd period - Puck is out of play.
6:58 of 3rd period - Daniel O'regan wins face-off versus Elias Lindholm in Thunderbirds zone.
7:54 of 3rd period - Slapshot by Tanner Laczynski.
7:54 of 3rd period - Stopped by Michael Houser without a rebound.
7:55 of 3rd period - Elias Lindholm wins face-off versus Daniel O'regan in Little Stars zone.
8:06 of 3rd period - Slapshot by Ville Pokka.
8:06 of 3rd period - Shot Misses the Net.
8:08 of 3rd period - Snap shot by Ilya Mikheyev.
8:08 of 3rd period - Stopped by Carter Hutton without a rebound.
8:09 of 3rd period - Daniel O'regan wins face-off versus Elias Lindholm in Thunderbirds zone.
8:18 of 3rd period - Wrist shot by Kirill Kaprizov.
8:18 of 3rd period - Shot Misses the Net.
8:45 of 3rd period - Wrist shot by Henrik Borgstrom.
8:45 of 3rd period - Shot Misses the Net.
8:57 of 3rd period - Slapshot by Joakim Nygard.
8:57 of 3rd period - Stopped by Carter Hutton with a rebound.
8:59 of 3rd period - Slapshot by Tucker Poolman.
8:59 of 3rd period - Shot Blocked by Radim Simek.
9:15 of 3rd period - Tyson Jost is hit by Daniel O'regan and loses puck.
9:35 of 3rd period - Slapshot by Tanner Laczynski.
9:35 of 3rd period - Shot Blocked by Connor Mackey.
9:37 of 3rd period - Wrist shot by Tyson Jost.
9:37 of 3rd period - Shot Misses the Net.
9:39 of 3rd period - Slapshot by Radim Simek.
9:39 of 3rd period - Deflect By Tyson Jost.
9:39 of 3rd period - Stopped by Michael Houser with a rebound.
9:41 of 3rd period - Backhand shot by Tanner Laczynski.
9:41 of 3rd period - Stopped by Michael Houser without a rebound.
9:42 of 3rd period - Elias Lindholm wins face-off versus Daniel O'regan in Little Stars zone.
9:45 of 3rd period - Wrist shot by Drake Batherson.
9:45 of 3rd period - Shot Misses the Net.
9:47 of 3rd period - Snap shot by Elias Lindholm.
9:47 of 3rd period - Shot Misses the Net.
9:49 of 3rd period - Slapshot by Griffin Reinhart.
9:49 of 3rd period - Deflect By Kirill Kaprizov.
9:49 of 3rd period - Stopped by Michael Houser without a rebound.
9:50 of 3rd period - Daniel O'regan wins face-off versus Elias Lindholm in Little Stars zone.
9:55 of 3rd period - Snap shot by Kirill Kaprizov.
9:55 of 3rd period - Stopped by Michael Houser with a rebound.
10:03 of 3rd period - Slapshot by Elias Lindholm.
10:03 of 3rd period - Stopped by Michael Houser with a rebound.
10:05 of 3rd period - Snap shot by Drake Batherson.
10:05 of 3rd period - Stopped by Michael Houser with a rebound.
10:24 of 3rd period - Minor Penalty to Patrick Brown for Holding.
10:25 of 3rd period - Petr Straka wins face-off versus Daniel O'regan in Thunderbirds zone.
10:25 of 3rd period - Petr Straka is hit by Daniel O'regan.
10:36 of 3rd period - Wrist shot by Ilya Mikheyev.
10:36 of 3rd period - Stopped by Carter Hutton with a rebound.
10:52 of 3rd period - Griffin Reinhart is hit by Jordan LaVallee and loses puck.
11:23 of 3rd period - Snap shot by Daniel O'regan.
11:23 of 3rd period - Stopped by Carter Hutton with a rebound.
11:35 of 3rd period - Slapshot by Ilya Mikheyev.
11:35 of 3rd period - Shot Misses the Net.
11:37 of 3rd period - Slapshot by Eric Knodel.
11:37 of 3rd period - Shot Misses the Net.
11:39 of 3rd period - Wrist shot by Daniel O'regan.
11:39 of 3rd period - Deflect By Ilya Mikheyev.
11:39 of 3rd period - Shot Misses the Net.
11:39 of 3rd period - Puck is out of play.
11:40 of 3rd period - Henrik Borgstrom wins face-off versus Petr Straka in Thunderbirds zone.
12:24 of 3rd period - Penalty to Patrick Brown is over, Patrick Brown is back on ice.
13:06 of 3rd period - Snap shot by Emile Poirier.
13:06 of 3rd period - Shot Misses the Net.
13:16 of 3rd period - Snap shot by Dominik Kahun.
13:16 of 3rd period - Stopped by Michael Houser with a rebound.
13:18 of 3rd period - Wrist shot by Dominik Kahun.
13:18 of 3rd period - Goal by Dominik Kahun - Thunderbirds : 3 - Little Stars : 2.
13:19 of 3rd period - Daniel O'regan wins face-off versus Elias Lindholm in neutral zone.
13:34 of 3rd period - Snap shot by Griffin Reinhart.
13:34 of 3rd period - Goal by Griffin Reinhart - Thunderbirds : 4 - Little Stars : 2.
13:35 of 3rd period - Daniel O'regan wins face-off versus Elias Lindholm in neutral zone.
13:40 of 3rd period - Elias Lindholm is hit by Jordan LaVallee and loses puck.
13:58 of 3rd period - Icing by Filip Hronek.
13:59 of 3rd period - Patrick Brown wins face-off versus Henrik Borgstrom in Thunderbirds zone.
14:34 of 3rd period - Wrist shot by Daniel O'regan.
14:34 of 3rd period - Deflect By Ilya Mikheyev.
14:34 of 3rd period - Stopped by Carter Hutton with a rebound.
14:50 of 3rd period - Snap shot by Petr Straka.
14:50 of 3rd period - Deflect By Shane Prince.
14:50 of 3rd period - Shot Misses the Net.
14:50 of 3rd period - Puck is out of play.
14:51 of 3rd period - Morgan Geekie wins face-off versus Jason Dickinson in Little Stars zone.
14:57 of 3rd period - Minor Penalty to Matt Luff for Goalie Interference.
14:58 of 3rd period - Daniel O'regan wins face-off versus Elias Lindholm in Little Stars zone.
15:08 of 3rd period - Wrist shot by Jordan LaVallee.
15:08 of 3rd period - Goal by Jordan LaVallee - Thunderbirds : 4 - Little Stars : 3.
15:09 of 3rd period - Daniel O'regan wins face-off versus Elias Lindholm in neutral zone.
15:39 of 3rd period - Slapshot by Timothy Liljegren.
15:39 of 3rd period - Stopped by Michael Houser with a rebound.
15:41 of 3rd period - Wrist shot by Drake Batherson.
15:41 of 3rd period - Stopped by Michael Houser without a rebound.
15:42 of 3rd period - Daniel O'regan wins face-off versus Patrick Brown in Little Stars zone.
16:40 of 3rd period - Icing by Kirill Kaprizov.
16:41 of 3rd period - Elias Lindholm wins face-off versus Jason Dickinson in Thunderbirds zone.
16:57 of 3rd period - Penalty to Matt Luff is over, Matt Luff is back on ice.
17:13 of 3rd period - Wrist shot by Eric Knodel.
17:13 of 3rd period - Shot Misses the Net.
17:23 of 3rd period - Connor Mackey is hit by Petr Straka and loses puck.
19:12 of 3rd period - Icing by Jordan LaVallee.
19:13 of 3rd period - Patrick Brown wins face-off versus Daniel O'regan in Little Stars zone.
19:28 of 3rd period - Tyson Jost is hit by Ilya Mikheyev.
19:36 of 3rd period - Little Stars, Michael Houser is pulled from the net.
Goals for this period are 3 for Thunderbirds vs 1 for Little Stars.
Shots for this period are 20 for Thunderbirds vs 11 for Little Stars.